 Dungeon Crawl Stone Soup version 0.25.1-2-g60ff931df9 (webtiles) character file.

Game seed: 8597693896791829378

1356 soggyman666 the Reanimator (level 8, -4/53 HPs)
             Began as a Demonspawn Necromancer on Nov 3, 2020.
             Was a Priest of Fedhas.
             Slain by a killer bee (7 damage)
             ... on level 7 of the Dungeon.
             The game lasted 00:40:08 (5993 turns).

soggyman666 the Reanimator (Demonspawn Necromancer) Turns: 5993, Time: 00:40:09

Health: -4/53      AC: 14    Str:  8    XL:     8   Next: 37%
Magic:  7/16       EV: 12    Int: 19    God:    Fedhas [***...]
Gold:   372        SH:  0    Dex: 14    Spells: 8/18 levels left

rFire    . . .     SeeInvis +   l - +2 hand axe (elec)
rCold    . . .     Gourm    .   (no shield)
rNeg     . . .     Faith    +   t - +0 robe
rPois    .         Spirit   .   m - +0 helmet
rElec    .         Reflect  .   (no cloak)
rCorr    .         Harm     .   i - +0 pair of gloves
MR       .....                  (no boots)
Stlth    ++........             f - amulet of faith
HPRegen  1.17/turn              n - +4 ring of protection
MPRegen  0.15/turn              k - ring of see invisible

@: lethally poisoned (-4 -> -9), sanguine armour
A: demonic guardian 2, powered by death 2, sanguine armour 1
a: Wall of Briars, Grow Ballistomycete, Renounce Religion


You were on level 7 of the Dungeon.
You worshipped Fedhas.
Fedhas was most pleased with you.
You were not hungry.

You visited 2 branches of the dungeon, and saw 8 of its levels.

You collected 372 gold pieces.

Inventory:

Hand Weapons
 l - a +2 hand axe of electrocution (weapon)
Armour
 i - a +0 pair of gloves (worn)
 m - a +0 helmet (worn)
 t - a +0 robe (worn)
Jewellery
 b - an uncursed ring of poison resistance
 f - an amulet of faith (around neck)
 k - a ring of see invisible (right hand)
 n - a +4 ring of protection (left hand)
Wands
 g - a wand of acid (15)
 q - a wand of polymorph (13)
 r - a wand of enslavement (4)
 y - a wand of iceblast (5)
Scrolls
 e - 7 scrolls of teleportation
 o - 7 scrolls of remove curse
Potions
 a - a potion of stabbing {unknown}
 d - a potion of haste {unknown}
 h - a potion of flight
 j - 2 potions of curing
 p - a potion of invisibility
 x - a potion of heal wounds {unknown}
 z - a potion of cancellation {unknown}
 A - a potion of might {unknown}
Comestibles
 c - 11 rations
 u - a chunk of flesh


   Skills:
 + Level 0.9 Fighting
 + Level 1.0 Axes
 + Level 2.1 Dodging
 * Level 3.5 Stealth
 + Level 0.1 Unarmed Combat
 + Level 5.7 Spellcasting
 + Level 8.1 Necromancy
 * Level 0.2 Transmutations
 * Level 2.8 Invocations
 * Level 2.7 Evocations


You had 8 spell levels left.
You knew the following spells:

 Your Spells              Type           Power        Failure   Level  Hunger
a - Pain                  Necr           ####         1%          1    None
b - Vampiric Draining     Necr           #####.....   1%          3    ##.....
c - Ensorcelled Hibernat  Hex/Ice        #.....       17%         2    None
d - Petrify               Tmut/Erth      #.......     73%         4    ####...

Your spell library contained the following spells:

 Spells                   Type           Power        Failure   Level  Hunger
 Animate Skeleton         Necr           N/A          1%          1    None
 Animate Dead             Necr           N/A          4%          4    ####...
 Agony                    Necr           #####...     11%         5    #####..
 Corona                   Hex            #......      12%         1    None
 Confusing Touch          Hex            #.......     34%         3    ##.....
 Dazzling Flash           Conj/Hex       #.....       34%         3    ##.....
 Gell's Gravitas          Tloc           #.........   34%         3    ##.....
 Tukima's Dance           Hex            #.......     34%         3    ##.....
 Metabolic Englaciation   Hex/Ice        #.........   97%         5    #####..
 Yara's Violent Unravell  Hex/Tmut       #.........   97%         5    #####..


Dungeon Overview and Level Annotations

Branches:
Dungeon (7/15)             Temple (1/1) D:5

Altars:
Ashenzari
Cheibriados
Dithmenos
Elyvilon
Fedhas
Gozag
Hepliaklqana
Kikubaaqudgha
Makhleb
Okawaru
Qazlal
Ru
Sif Muna
Trog
Vehumet
Wu Jian
Xom
Yredelemnul
Zin
The Shining One


Innate Abilities, Weirdness & Mutations

A demonic guardian rushes to your aid.
You regenerate health from kills.
When seriously injured, your bleeding wounds create armour. (AC +6)


Message History

The killer bee stings you but does no damage.
You feel sick. The killer bee stings you.
You are more poisoned.
The killer bee poisons you! The killer bee stings you.
Casting: Pain (safe; 1% risk of failure)
Confirm with . or Enter, or press ? or * to list all spells.
Aiming: Pain (safe; 1% risk of failure)
Press: ? - help, Shift-Dir - straight line, f/p - killer bee
Aim: a killer bee (heavily wounded, chance to defeat MR: 89%)
The killer bee writhes in agony.
You feel sick. The killer bee stings you.
* * * LOW HITPOINT WARNING * * *
The killer bee closely misses you. The killer bee stings you!
* * * LOW HITPOINT WARNING * * *
You are lethally poisoned!
The killer bee poisons you! The killer bee completely misses you.
A briar patch grows up from the ground. x4; You feel slightly more hungry.
* * * LOW HITPOINT WARNING * * *
You feel sick. The killer bee stings you!
You die...
Fedhas appreciates your contribution to the ecosystem.

######### #.......#
#.......#### #.....†....#
#####.......##.#
#....#.##.#.##.#
#.##.#....#.##.#
#.##......#.##P#########.
#.#####......#P@y........
#.#....[.....#PPy......#
##.#.###......#.........#
#.............#.........#
..............#.........#
.............)#.........#
..............#...........
.......#############.#.###
########....#<.....#.#..


You could see 2 killer bees.

Vanquished Creatures
  Sigmund (D:2)
  A necrophage (D:6)
  A centaur (D:6)
  3 killer bees (D:7)
  A howler monkey (D:4)
  A centaur zombie (D:5)
  A hound (D:6)
  2 orc priests
  Terence (D:2)
  6 orc wizards
  An iguana (D:4)
  2 worker ants
  A hound skeleton (D:5)
  6 adders
  4 gnolls (D:4)
  A shadow imp (D:5)
  An ooze (D:3)
  An adder skeleton (D:5)
  4 worms
  2 dart slugs
  4 leopard geckos
  12 orcs
  A ball python (D:2)
  5 bats
  6 giant cockroaches
  5 goblins (D:2)
  10 hobgoblins
  10 jackals
  4 quokkas
  7 frilled lizards
  A jackal skeleton (D:4)
  A jackal zombie (D:5)
  7 kobolds
  10 rats
124 creatures vanquished.

Vanquished Creatures (collateral kills)
  A phantom (D:5)
  2 ogres
  A scorpion (D:6)
  A crimson imp (D:6)
  2 orc priests
  A howler monkey skeleton (D:6)
  An adder (D:5)
9 creatures vanquished.

Vanquished Creatures (others)
  A fungus (D:4)
1 creature vanquished.

Grand Total: 134 creatures vanquished

Notes
Turn   | Place    | Note
-------+----------+-------------------------------------------
     0 | D:1      | soggyman666 the Demonspawn Necromancer began the quest for
                  | the Orb.
     0 | D:1      | Reached XP level 1. HP: 13/13 MP: 3/3
   399 | D:1      | Gained mutation: You regenerate a little health from kills.
                  | [demonic ancestry]
   399 | D:1      | Reached XP level 2. HP: 19/19 MP: 3/5
  1027 | D:2      | Reached XP level 3. HP: 18/24 MP: 0/7
  1142 | D:2      | Found a sacrificial altar of Ru.
  1201 | D:2      | Noticed Terence
  1210 | D:2      | Killed Terence
  1210 | D:2      | Reached skill level 5 in Necromancy
  1365 | D:2      | Found a glowing silver altar of Zin.
  1415 | D:2      | Gained mutation: When seriously injured, your bleeding
                  | wounds create armour. (AC +6) [demonic ancestry]
  1415 | D:2      | Reached XP level 4. HP: 17/31 MP: 0/8
  1717 | D:2      | Noticed Sigmund
  1731 | D:2      | Killed Sigmund
  1731 | D:2      | Reached skill level 6 in Necromancy
  1731 | D:2      | Gained mutation: You regenerate health from kills. [demonic
                  | ancestry]
  1731 | D:2      | Reached XP level 5. HP: 12/36 MP: 0/11
  2366 | D:3      | Learned a level 3 spell: Vampiric Draining
  2400 | D:3      | Gained mutation: A weak demonic guardian rushes to your
                  | aid. [demonic ancestry]
  2400 | D:3      | Reached XP level 6. HP: 42/42 MP: 0/12
  2525 | D:3      | Found a blossoming altar of Fedhas.
  2531 | D:3      | Became a worshipper of Fedhas Madash
  2932 | D:3      | Reached * piety under Fedhas
  3253 | D:4      | Found an iron altar of Okawaru.
  3272 | D:4      | Found a blossoming altar of Fedhas.
  3505 | D:4      | Reached skill level 7 in Necromancy
  3505 | D:4      | Gained mutation: A demonic guardian rushes to your aid.
                  | [demonic ancestry]
  3505 | D:4      | Reached XP level 7. HP: 44/47 MP: 10/14
  3650 | D:4      | Learned a level 2 spell: Ensorcelled Hibernation
  3707 | D:4      | Reached skill level 5 in Spellcasting
  3707 | D:4      | Reached skill level 1 in Invocations
  3718 | D:4      | Reached skill level 1 in Evocations
  3962 | D:5      | Entered Level 5 of the Dungeon
  4073 | D:5      | Reached ** piety under Fedhas
  4133 | D:5      | Found a staircase to the Ecumenical Temple.
  4172 | Temple   | Entered the Ecumenical Temple
  5317 | D:6      | Reached XP level 8. HP: 48/53 MP: 7/15
  5454 | D:6      | Reached *** piety under Fedhas
  5454 | D:6      | Reached skill level 1 in Axes
  5906 | D:7      | Learned a level 4 spell: Petrify
  5929 | D:7      | Reached skill level 8 in Necromancy
  5993 | D:7      | Slain by a killer bee

Illustrated notes

Levels and vault maps discovered:
D:1:      dpeg_arrival_oval, layout_basic, serial_glass, glass_columns_a,
          glass_columns_a, glass_columns_b, glass_columns_b, glass_columns_b,
          minmay_misc_feat_pillars, grunt_decor_one_mirror
D:2:      layout_loops_ring, lemuel_crystal_altar, nicolae_ru_awakened_eye,
          first_ration, uniq_terence, uniq_sigmund
D:3:      layout_rooms, kennysheep_flooded_box
D:4:      layout_rooms, fedhas_altar_3, okawaru_metal_pillars_1_2
D:5:      kennysheep_spiral_hall, layout_loops_ring, minmay_temple_entry_grid,
          hangedman_decor_push, grunt_ministairs_1
D:6:      layout_basic
D:7:      layout_basic, nicolae_overflow_crystal_walls,
          ebering_ghost_reflecting_pool, grunt_ogre_cave
Temple:   minmay_crystal_spiral_temple

Skill      XL: |  1  2  3  4  5  6  7  8 |
---------------+-------------------------+-----
Necromancy     | 5 6 7 8 |  8.1
Spellcasting   | 3 4 5 |  5.7
Stealth        | 2 3 |  3.5
Dodging        | 2 |  2.1
Invocations    | 2 |  2.8
Evocations     | 2 |  2.7
Axes           | 1 |  1.0
Fighting       | |  0.9
Unarmed Combat | |  0.1
Transmutations | |  0.2

Action                   |  1- 3 |  4- 6 |  7- 9 || total
-------------------------+-------+-------+-------++-------
Melee: Unarmed           |    19 |       |       ||    19
       Hand axe          |       |    21 |    46 ||    67
 Cast: Pain              |    56 |   130 |    94 ||   280
       Vampiric Draining |       |       |     2 ||     2
Invok: Wall of Briars    |       |       |     1 ||     1
  Use: Scroll            |     6 |     2 |     5 ||    13
 Stab: Sleeping          |       |       |     1 ||     1
  Eat: Chunk             |     2 |     6 |     8 ||    16
Armor: Robe              |     6 |    19 |    39 ||    64
Dodge: Dodged            |    35 |    33 |    44 ||   112
